 Dungeon Crawl Stone Soup version 0.25-a0-23-gdc1bd94 (webtiles) character file.

Game seed: 13437087093349176478, levelgen mode: deterministic

347 kelgrim the Covered (level 6, 0/51 HPs)
             Began as a Gnoll Wanderer on Oct 8, 2019.
             Was a Follower of Vehumet.
             Succumbed to an orc's poison
             ... on level 4 of the Dungeon on Oct 16, 2019.
             The game lasted 00:22:17 (3561 turns).

kelgrim the Covered (Gnoll Wanderer)                Turns: 3561, Time: 00:22:18

Health: 0/51       AC:  9    Str: 16    XL:     6   Next: 59%
Magic:  8/9        EV: 10    Int: 13    God:    Vehumet [*.....]
Gold:   165        SH:  0    Dex: 16    Spells: 9/9 levels left

rFire    . . .     SeeInvis .   v - +2 hunting sling (freeze)
rCold    . . .     Gourm    .   (no shield)
rNeg     . . .     Faith    .   b - +2 scale mail
rPois    .         Spirit   .   (no helmet)
rElec    .         Reflect  .   (no cloak)
rCorr    +         Harm     .   (no gloves)
MR       .....                  (no boots)
Stlth    +.........             (no amulet)
HPRegen  0.17/turn              m - ring of resist corrosion
MPRegen  0.11/turn              (no ring)

@: lethally poisoned (0 -> -49)
A: distributed training, fangs 1, strong nose
a: Renounce Religion


You were on level 4 of the Dungeon.
You worshipped Vehumet.
Vehumet was aware of your devotion.
You were not hungry.

You visited 1 branch of the dungeon, and saw 4 of its levels.

You collected 165 gold pieces.

Inventory:

Hand Weapons
 a - a +0 shortbow
 v - a +2 hunting sling of freezing (weapon)
 y - a +1 mace of holy wrath
 B - a +0 mace of holy wrath
 D - a +3 quarterstaff of chaos
 E - a +2 mace of crushing
Missiles
 c - 59 arrows
 p - 25 bolts
 w - 129 stones
 x - 5 sling bullets (quivered)
Armour
 b - a +2 scale mail (worn)
Jewellery
 m - a ring of resist corrosion (left hand)
Scrolls
 d - 2 scrolls of teleportation
 e - 5 scrolls of identify {unknown}
 g - a scroll of amnesia {unknown}
 h - a scroll of blinking {unknown}
 j - a scroll of enchant weapon {unknown}
 l - a scroll of random uselessness {unknown}
 q - a scroll of remove curse {unknown}
 t - 2 scrolls of magic mapping {unknown}
 u - a scroll of enchant armour {unknown}
Potions
 i - a potion of heal wounds {unknown}
 k - a potion of cancellation {unknown}
 n - 2 potions of curing {unknown}
 o - 2 potions of agility {unknown}
 r - a potion of haste {unknown}
 s - a potion of brilliance {unknown}
 z - a potion of ambrosia {unknown}
 A - a potion of magic {unknown}
Comestibles
 f - 6 rations


   Skills:
 + Level 5.0 Fighting
 + Level 2.0 Short Blades
 + Level 2.0 Long Blades
 + Level 2.0 Axes
 + Level 2.0 Maces & Flails
 + Level 2.0 Polearms
 + Level 2.0 Staves
 + Level 2.0 Slings
 + Level 6.8 Bows
 + Level 2.0 Crossbows
 + Level 2.0 Throwing
 + Level 6.8 Armour
 + Level 2.0 Dodging
 + Level 3.1 Stealth
 + Level 3.2 Shields
 + Level 2.0 Unarmed Combat
 + Level 2.0 Spellcasting
 + Level 1.5 Conjurations
 + Level 1.5 Hexes
 + Level 1.5 Charms
 + Level 1.5 Summonings
 + Level 1.5 Necromancy
 + Level 1.5 Translocations
 + Level 1.5 Transmutations
 + Level 1.5 Fire Magic
 + Level 1.5 Ice Magic
 + Level 1.5 Air Magic
 + Level 1.5 Earth Magic
 + Level 1.5 Poison Magic
 + Level 2.2 Invocations
 + Level 2.0 Evocations


You had 9 spell levels left.
You didn't know any spells.
Your spell library was empty.

Dungeon Overview and Level Annotations

Branches:
Dungeon (4/15)
 Temple: D:4-7

Altars:
Vehumet


Innate Abilities, Weirdness & Mutations

Your experience applies equally to all skills.
You have very sharp teeth.
Your uncanny sense of smell can sniff out nearby items.


Message History

The orc hits you but does no damage.
Firing (i - inventory. (/) - cycle)
x - 7 sling bullets (quivered)
Press: ? - help, Shift-Dir - straight line, f/p - orc
Aim: an orc, wielding a +1 short sword of venom and wearing a cursed +0 leather armour (severely wounded)
You shoot a sling bullet. The sling bullet hits the orc!
The sling bullet freezes the orc.
You kill the orc!
Vehumet accepts your kill.
* * * LOW HITPOINT WARNING * * *
You feel very sick. The orc hits you with a +0 mace.
* * * LOW HITPOINT WARNING * * *
Firing (i - inventory. (/) - cycle)
x - 6 sling bullets (quivered)
Press: ? - help, Shift-Dir - straight line, f - orc
Aim: an orc, wielding a +0 mace (severely wounded)
You shoot a sling bullet. The sling bullet hits the orc.
The sling bullet freezes the orc.
You kill the orc!
Vehumet accepts your kill.
You die...

#.........
#.....# #
#.<...#.#
#.......#
#....##.#
#.###(...##.#
#...........#
#####..(.####...
........@).(.(#
#######..)###.#
#.((# ..(((.
##.#...#
#.#.....
#.#....##
..#.((.#


There were no monsters in sight!

Vanquished Creatures
  Purgy (D:3)
  Crazy Yiuf (D:3)
  2 orc wizards (D:4)
  3 worker ants
  6 adders
  2 leopard geckos
  4 orcs
  A giant cockroach (D:2)
  3 goblins
  5 hobgoblins
  3 ball pythons
  7 bats
  5 frilled lizards
  8 kobolds
  2 rats
53 creatures vanquished.

Notes
Turn   | Place    | Note
-------+----------+-------------------------------------------
     0 | D:1      | kelgrim the Gnoll Wanderer began the quest for the Orb.
     0 | D:1      | kelgrim set off with the following items: a +0 shortbow, a
                  | +2 scale mail, 27 arrows, a scroll of teleportation, a
                  | ration
     0 | D:1      | Reached XP level 1. HP: 20/20 MP: 1/1
   189 | D:1      | Upgraded the game from 0.24-a0-781-g048a31f to
                  | 0.24-a0-788-g2b66604
   521 | D:1      | Reached XP level 2. HP: 19/26 MP: 2/2
   731 | D:1      | Upgraded the game from 0.24-a0-788-g2b66604 to
                  | 0.25-a0-23-gdc1bd94
  1153 | D:2      | Reached XP level 3. HP: 30/31 MP: 3/3
  1245 | D:2      | Reached skill level 1 in Short Blades
  1245 | D:2      | Reached skill level 1 in Long Blades
  1245 | D:2      | Reached skill level 1 in Axes
  1245 | D:2      | Reached skill level 1 in Maces & Flails
  1245 | D:2      | Reached skill level 1 in Polearms
  1245 | D:2      | Reached skill level 1 in Staves
  1245 | D:2      | Reached skill level 1 in Slings
  1245 | D:2      | Reached skill level 1 in Crossbows
  1245 | D:2      | Reached skill level 1 in Throwing
  1245 | D:2      | Reached skill level 1 in Dodging
  1245 | D:2      | Reached skill level 1 in Unarmed Combat
  1245 | D:2      | Reached skill level 1 in Spellcasting
  1245 | D:2      | Reached skill level 1 in Invocations
  1245 | D:2      | Reached skill level 1 in Evocations
  1342 | D:2      | Reached XP level 4. HP: 38/38 MP: 5/5
  1412 | D:2      | Found a radiant altar of Vehumet.
  1426 | D:2      | Became a worshipper of Vehumet
  1993 | D:2      | Reached skill level 1 in Conjurations
  1993 | D:2      | Reached skill level 1 in Hexes
  1993 | D:2      | Reached skill level 1 in Charms
  1993 | D:2      | Reached skill level 1 in Summonings
  1993 | D:2      | Reached skill level 1 in Necromancy
  1993 | D:2      | Reached skill level 1 in Translocations
  1993 | D:2      | Reached skill level 1 in Transmutations
  1993 | D:2      | Reached skill level 1 in Fire Magic
  1993 | D:2      | Reached skill level 1 in Ice Magic
  1993 | D:2      | Reached skill level 1 in Air Magic
  1993 | D:2      | Reached skill level 1 in Earth Magic
  1993 | D:2      | Reached skill level 1 in Poison Magic
  2516 | D:3      | Reached XP level 5. HP: 43/43 MP: 6/6
  2538 | D:3      | Noticed Purgy
  2547 | D:3      | Killed Purgy
  2677 | D:3      | Reached XP level 6. HP: 50/50 MP: 8/8
  3242 | D:3      | Found a runed translucent door.
  3259 | D:3      | Noticed Crazy Yiuf
  3271 | D:3      | Killed Crazy Yiuf
  3551 | D:4      | Reached skill level 5 in Fighting
  3558 | D:4      | Reached * piety under Vehumet
  3558 | D:4      | Offered knowledge of Sandblast by Vehumet.
  3561 | D:4      | Succumbed to an orc's poison

Levels and vault maps discovered:
D:1:      lightli_arrival_quake, layout_basic, moated_statue, minmay_tromino_i4
D:2:      layout_loops_corners, fiery_altar_vehumet
D:3:      layout_loops_cross, due_unseen_surprise, uniq_crazy_yiuf_cottage,
          uniq_purgy
D:4:      layout_basic, first_ration, makhleb_heckhound_becter

Skill      XL: |  1  2  3  4  5  6 |
---------------+-------------------+-----
Short Blades   | 1 2 |  2.0
Long Blades    | 1 2 |  2.0
Axes           | 1 2 |  2.0
Maces & Flails | 1 2 |  2.0
Polearms       | 1 2 |  2.0
Staves         | 1 2 |  2.0
Slings         | 1 2 |  2.0
Crossbows      | 1 2 |  2.0
Throwing       | 1 2 |  2.0
Dodging        | 1 2 |  2.0
Unarmed Combat | 1 2 |  2.0
Spellcasting   | 1 2 |  2.0
Invocations    | 1 2 |  2.2
Evocations     | 1 2 |  2.0
Conjurations   | 1 |  1.5
Hexes          | 1 |  1.5
Charms         | 1 |  1.5
Summonings     | 1 |  1.5
Necromancy     | 1 |  1.5
Translocations | 1 |  1.5
Transmutations | 1 |  1.5
Fire Magic     | 1 |  1.5
Ice Magic      | 1 |  1.5
Air Magic      | 1 |  1.5
Earth Magic    | 1 |  1.5
Poison Magic   | 1 |  1.5
Shields        | 3 |  3.2
Stealth        | 3 |  3.1
Fighting       | 5 |  5.0
Bows           | |  6.8
Armour         | |  6.8

Action                   |  1- 3 |  4- 6 || total
-------------------------+-------+-------++-------
Melee: Unarmed           |    27 |       ||    27
       Bite              |     8 |       ||     8
       Shortbow          |    34 |     1 ||    35
 Fire: Shortbow          |    38 |    45 ||    83
       Hunting sling     |       |    81 ||    81
  Use: Scroll            |       |     1 ||     1
  Eat: Ration            |     1 |     1 ||     2
       Chunk             |       |     3 ||     3
Armor: Scale mail        |    75 |    51 ||   126
Dodge: Dodged            |    60 |    38 ||    98

Table legend:
 A = Non-vault XP
 B = Vault XP
 C = Vault XP percentage of total XP
 D = Non-vault monster count
 E = Vault monster count
 F = Vault count percentage of total count
                 A         B        C        D         E       F
            +---------+---------+-------+---------+---------+-------
      Total |     322 |     175 |  35.2 |      49 |       4 |   7.5
            +---------+---------+-------+---------+---------+-------
        D:1 |      11 |       4 |  26.7 |       8 |       2 |  20.0
        D:2 |     147 |       0 |   0.0 |      22 |       0 |   0.0
        D:3 |      75 |     171 |  69.5 |      14 |       2 |  12.5
        D:4 |      89 |       0 |   0.0 |       5 |       0 |   0.0
            +---------+---------+-------+---------+---------+-------
